 Dungeon Crawl Stone Soup version 0.31-a0-193-gdfe2569204 (webtiles) character file.

Game seed: 11355877697000145202

556 qw the Skirmisher (level 7, 0/40 HPs)
             Began as a Deep Elf Hunter on June 23, 2023.
             Slain by a gnoll
             ... wielding a +0 flail
             ... led by a gnoll bouda
              (10 damage)
             ... on level 5 of the Dungeon.
             The game lasted 00:01:17 (4042 turns).

qw the Skirmisher (Deep Elf Hunter)                 Turns: 4042, Time: 00:01:18

Health: 0/40       AC:  7    Str: 10    XL:     7   Next: 8%
Magic:  9/9        EV: 11    Int: 14    God:
Gold:   52         SH:  0    Dex: 18    Spells: 6/6 levels left

rFire   . . .        Y - +1 shortbow (chaos)
rCold   . . .        (shield currently unavailable)
rNeg    . . .        g - +0 ring mail
rPois   .            f - +1 helmet
rElec   .            (no cloak)
rCorr   .            (no gloves)
SInv    .            (no boots)
Will    .....        (no amulet)
Stlth   +            (no ring)
HPRegen 0.26/turn    (no ring)
MPRegen 0.11/turn

%: no passive effects
@: no status effects
A: no striking features
a: no special abilities


You were on level 5 of the Dungeon.
You visited 2 branches of the dungeon, and saw 6 of its levels.

You collected 224 gold pieces.
You spent 172 gold pieces at shops.


   Skills:
 - Level 2.3 Fighting
 + Level 10.1 Ranged Weapons
 - Level 1.2 Armour
 - Level 3.5 Dodging
 - Level 1.2 Stealth


You had 6 spell levels left.
You didn't know any spells.
Your spell library was empty.

Inventory:

Hand Weapons
 Y - a +1 shortbow of chaos (weapon)
Armour
 f - a +1 helmet (worn)
 g - a +0 ring mail (worn)
Jewellery
 j - a ring of fire
Scrolls
 a - 2 scrolls of teleportation
 e - a scroll of identify
Potions
 b - 2 potions of haste
 c - a potion of cancellation
 d - a potion of enlightenment
 i - a potion of might {unknown}
 l - a potion of attraction {unknown}

Dungeon Overview and Level Annotations

Branches:
Dungeon (5/15)             Temple (1/1) D:5

Altars:
Ashenzari
Dithmenos
Elyvilon
Fedhas
Hepliaklqana
Makhleb
Nemelex Xobeh
Qazlal
Ru
Trog
Zin
The Shining One

Shops:
D:4 :   D:5 ?


Message History

The gnoll throws a throwing net.
The throwing net hits you.
You become entangled in the net!
A gnoll comes into view. It is wielding a +0 flail.
You struggle against the net.
The gnoll shouts!
You struggle against the net.
The gnoll bouda barks out a call to the hunt!
The gnolls pick up the pace!
You struggle against the net.
The gnoll hits you from afar with a +0 spear.
You struggle against the net.
The gnoll hits you with a +0 club.
The gnoll hits you from afar with a +0 spear.
You struggle against the net.
The gnoll bouda gazes fiercely through you!
You feel your attacks grow feeble. The gnoll barely misses you.
The gnoll hits you with a +0 flail.
You rip the net and break free!
The gnoll hits you with a +0 club.
The gnoll bouda calls upon its god to heal the gnoll.
The gnoll's wounds heal themselves!
The gnoll hits you but does no damage.
You shoot an arrow. The arrow hits the gnoll.
The gnoll suddenly seems more agile.
The gnoll is moderately wounded.
The gnoll hits you but does no damage.
The gnoll hits you from afar with a +0 spear.
The gnoll hits you with a +0 whip.
You shoot an arrow.
The arrow hits the gnoll but does no damage.
The gnoll seems to speed up.
The gnoll is moderately wounded.
The gnoll barely misses you. The gnoll hits you with a +0 club.
The gnoll hits you from afar with a +0 spear.
The gnoll hits you but does no damage. The gnoll barely misses you.
You shoot an arrow. The arrow completely misses the gnoll.
Your attacks no longer feel as feeble.
The gnoll hits you with a +0 club.
The gnoll bouda hits you with a +0 club.
The gnoll hits you but does no damage. The gnoll hits you with a +0 flail!
You die...

#.....# ... #.....#
#..... #.....# #.....+
#.....# #.....#
#.....#
#.....####.g...#
#..+........ggg...#
#..#.........@g...#
#..#..........g...#
####..#.........######
#.....#.........#
#.....#.....#####
#.....#.....#
+.....'.....###
#######........
...........####


You could see a gnoll bouda and 5 gnolls.

Vanquished Creatures
  An ogre (D:5)
  2 phantoms
  A scorpion (D:4)
  4 hounds
  A sleepcap (D:4)
  An orc wizard (D:3)
  4 adders
  A worm (D:2)
  4 dart slugs
  3 orcs (D:3)
  6 ball pythons
  5 bats
  6 endoplasms
  A goblin (D:4)
  A hobgoblin (D:1)
  8 jackals
  10 kobolds
  2 quokkas (D:3)
  4 rats
65 creatures vanquished.

Notes
Turn   | Place    | Note
-------+----------+-------------------------------------------
     0 | D:1      | qw the Deep Elf Hunter began the quest for the Orb.
     0 | D:1      | Reached XP level 1. HP: 12/12 MP: 3/3
     0 | D:1      | Noticed a ghoul
     0 | D:1      | 0 ||| qw: Version: 0.3-a-9-g12657ce
     0 | D:1      | 0 ||| qw: Game counter: 4620
     0 | D:1      | 0 ||| qw: Always use a shield: true
     0 | D:1      | 0 ||| qw: God list: Okawaru
     0 | D:1      | 0 ||| qw: Allow faded altars: false
     0 | D:1      | 0 ||| qw: Do Orc after D:15 true
     0 | D:1      | 0 ||| qw: Do second Lair branch before Depths: true
     0 | D:1      | 0 ||| qw: Lair rune preference: random
     0 | D:1      | 0 ||| qw: Plans: Normal
     0 | D:1      | 0 ||| PLANNING D:1-11
     1 | D:1      | Noticed a draconian
     2 | D:1      | Noticed a spriggan
     2 | D:1      | Noticed a demigod
     7 | D:1      | Noticed a merfolk
     9 | D:1      | Noticed an ogre
    11 | D:1      | Noticed a demonspawn
    13 | D:1      | Noticed a demigod
    13 | D:1      | Noticed a draconian
    15 | D:1      | Noticed a draconian
    15 | D:1      | Noticed an octopode
    15 | D:1      | Noticed a spriggan
    17 | D:1      | Noticed a vine stalker
    17 | D:1      | Noticed a ghoul
    19 | D:1      | Noticed a gargoyle
    19 | D:1      | Noticed an ogre
   261 | D:1      | Reached XP level 2. HP: 16/16 MP: 4/4
   268 | D:1      | Reached skill level 6 in Ranged Weapons
   844 | D:1      | 844 ||| FLEEEEING.
   845 | D:1      | 845 ||| FLEEEEING.
   876 | D:1      | 876 ||| UPGRADING to +0 ring mail.
   886 | D:1      | 886 ||| DROPPING +0 leather armour.
   887 | D:1      | 887 ||| UPGRADING to +0 helmet.
   892 | D:1      | 892 ||| READING scroll labelled YCWESCHAATO.
   893 | D:1      | 893 ||| READING 4 scrolls labelled ELUSKE DEIZ.
   894 | D:1      | 894 ||| READING 3 scrolls of identify.
   894 | D:1      | 894 ||| IDENTIFYING metallic inky potion
   895 | D:1      | 895 ||| READING 2 scrolls of identify.
   895 | D:1      | 895 ||| IDENTIFYING fizzy cyan potion
   896 | D:1      | 896 ||| DROPPING scroll of butterflies.
   897 | D:1      | 897 ||| DROPPING potion of brilliance.
   898 | D:1      | HP: 4/16 [poisoned by you (poison gas)]
   899 | D:1      | 899 ||| Stepping ~*~*~tactically~*~*~ (cloud).
   899 | D:1      | HP: 1/16 [poisoned by you (poison gas)]
   900 | D:1      | 900 ||| DRINKING potion of curing.
   900 | D:1      | 900 ||| (to cure poison)
  1041 | D:2      | Reached XP level 3. HP: 20/20 MP: 5/5
  1224 | D:2      | Found a faded altar of an unknown god.
  1564 | D:2      | 1564 ||| UPGRADING to +1 helmet.
  1574 | D:2      | 1574 ||| DROPPING +0 helmet.
  1575 | D:2      | 1575 ||| READING 2 scrolls labelled NYPTES BOLLULI.
  1579 | D:2      | 1579 ||| READING scroll labelled ATIUFI FYSTOL.
  1680 | D:2      | 1680 ||| DRINKING 2 clear potions.
  1681 | D:2      | 1681 ||| READING 2 scrolls of identify.
  1681 | D:2      | 1681 ||| IDENTIFYING cyan potion
  1782 | D:3      | Reached skill level 7 in Ranged Weapons
  1835 | D:3      | Reached XP level 4. HP: 15/25 MP: 6/6
  2244 | D:3      | Reached skill level 8 in Ranged Weapons
  2702 | D:4      | Noticed a phantom
  2707 | D:4      | Killed a phantom
  2708 | D:4      | Reached XP level 5. HP: 29/29 MP: 7/7
  2910 | D:4      | Found a blossoming altar of Fedhas.
  2953 | D:4      | Found Weisu's Book Shoppe.
  2985 | D:4      | Reached skill level 9 in Ranged Weapons
  3025 | D:4      | Reached XP level 6. HP: 19/36 MP: 8/8
  3544 | D:4      | 3544 ||| READING scroll labelled NOSHYIN RONEU.
  3568 | D:5      | Entered Level 5 of the Dungeon
  3568 | D:5      | Found Buadac's Magic Scroll Boutique.
  3571 | D:5      | 3571 ||| BUYING scroll of enchant weapon (112 gold).
  3571 | D:5      | Bought a scroll of enchant weapon for 112 gold pieces
  3571 | D:5      | 3571 ||| BUYING scroll of identify (30 gold).
  3571 | D:5      | Bought a scroll of identify for 30 gold pieces
  3571 | D:5      | 3571 ||| BUYING scroll of identify (30 gold).
  3571 | D:5      | Bought a scroll of identify for 30 gold pieces
  3571 | D:5      | 3571 ||| SHOPLISTING scroll of teleportation (45 gold, have
                  | 28).
  3571 | D:5      | 3571 ||| READING scroll of enchant weapon.
  3571 | D:5      | 3571 ||| ENCHANTING +0 shortbow of chaos.
  3589 | D:5      | Reached skill level 10 in Ranged Weapons
  3602 | D:5      | Reached skill level 3 in Dodging
  3675 | D:5      | Reached XP level 7. HP: 30/40 MP: 9/9
  3716 | D:5      | Found a staircase to the Ecumenical Temple.
  3717 | D:5      | 3717 ||| PLANNING TEMPLE
  3717 | D:5      | 3717 ||| READING scroll labelled YFRIRGHUPUY.
  3718 | D:5      | 3718 ||| READING 3 scrolls of identify.
  3718 | D:5      | 3718 ||| IDENTIFYING lumpy ruby potion
  3719 | D:5      | 3719 ||| READING 2 scrolls of identify.
  3719 | D:5      | 3719 ||| IDENTIFYING sapphire potion
  3720 | D:5      | 3720 ||| DROPPING potion of lignification.
  3729 | Temple   | Entered the Ecumenical Temple
  3885 | Temple   | 3885 ||| PLANNING D:1-11
  3928 | D:5      | Reached skill level 1 in Armour
  4042 | D:5      | HP: 10/40 [gnoll bouda/+0 club (6)]
  4042 | D:5      | Slain by a gnoll

Levels and vault maps discovered:
D:1:      shiori_arrival_whats_in_store_for_you, layout_basic, minmay_3d_cube
D:2:      layout_basic, dreamdust_ecumenical_altar_grove
D:3:      layout_basic, roderic_lattice_a
D:4:      layout_loops_corners, old_standard_altar, serial_shops, shop
D:5:      layout_gridville, nicolae_gozag_cash_rules_everything_around_me,
          minmay_temple_entry_antechambers, minmay_misc_feat_more_columns,
          nicolae_stop_n_shop_1, grunt_ministairs_10
Temple:   bh_familiar_temple

Skill      XL: |  1  2  3  4  5  6  7 |
---------------+----------------------+-----
Ranged Weapons | 6 7 8 9 10 | 10.1
Fighting       | 2 |  2.3
Dodging        | 3 |  3.5
Armour         | 1 |  1.2
Stealth        | |  1.2

Action                     |  1- 3 |  4- 6 |  7- 9 || total
---------------------------+-------+-------+-------++-------
   Fire: Shortbow          |    94 |   127 |    19 ||   240
    Use: Scroll            |     7 |     2 |     3 ||    12
         Potion            |     2 |       |       ||     2
 Armour: Leather armour    |     3 |       |       ||     3
         Ring mail         |    15 |    19 |     8 ||    42
  Dodge: Dodged            |    24 |    43 |     5 ||    72

Table legend:
 A = Non-vault XP
 B = Vault XP
 C = Vault XP percentage of total XP
 D = Non-vault monster count
 E = Vault monster count
 F = Vault count percentage of total count
                 A         B        C        D         E       F
            +---------+---------+-------+---------+---------+-------
      Total |     733 |      62 |   7.8 |      60 |       5 |   7.7
            +---------+---------+-------+---------+---------+-------
        D:1 |      26 |       4 |  13.3 |      13 |       3 |  18.8
        D:2 |      26 |       0 |   0.0 |       8 |       0 |   0.0
        D:3 |     111 |       0 |   0.0 |      24 |       0 |   0.0
        D:4 |     314 |       0 |   0.0 |      12 |       0 |   0.0
        D:5 |     256 |      58 |  18.5 |       3 |       2 |  40.0
            +---------+---------+-------+---------+---------+-------
